 Dungeon Crawl Stone Soup version 0.30-a0-371-gad7725a93e (webtiles) character file.

Game seed: 10082341611309963892

120 Shayle the Conjurer (level 5, -1/52 HPs)
             Began as a Naga Reaver on Nov 21, 2022.
             Slain by a mummy (11 damage)
             ... in an ossuary.
             The game lasted 00:11:05 (3163 turns).

Shayle the Conjurer (Naga Reaver)                   Turns: 3163, Time: 00:11:06

Health: -1/52      AC:  3    Str: 13 (15) XL:     5   Next: 4%
Magic:  8/8        EV:  9    Int: 14 (15) God:
Gold:   157        SH:  0    Dex:  6 (9)  Spells: 5/9 levels left

rFire   . . .      SeeInvis +    j - +1 short sword (venom)
rCold   . . .      Faith    .    (no shield)
rNeg    . . .      Spirit   .    b - +0 leather armour
rPois   +          Reflect  .    (no helmet)
rElec   .          Harm     .    (no cloak)
rCorr   .          Rampage  .    (no gloves)
Will    .....      Rnd*Tele +    (no barding)
Stlth   +.........               (no amulet)
HPRegen 0.28/turn                (no ring)
MPRegen 0.11/turn                (no ring)

@: marked, very slow
A: AC +1, large, see invisible, deformed body, poison resistance, slowness 2,
spit poison 1, naga tail 1, stinger 1, robust 1, screaming 1, teleportitis 1
a: Spit Poison


You were in an ossuary.
You visited 1 branch of the dungeon, and saw 4 of its levels.
You also visited: Ossuary.

You collected 157 gold pieces.

Inventory:

Hand Weapons
 a - a +0 hand axe
 j - a +1 short sword of venom (weapon)
Missiles
 d - 6 atropa-tipped darts
Armour
 b - a +0 leather armour (worn)
Jewellery
 c - a +6 ring of intelligence
 f - a ring of flight
 o - an amulet of regeneration
 r - a ring of willpower
Wands
 p - a wand of roots (4)
Scrolls
 g - 2 scrolls of blinking {unknown}
 i - 2 scrolls of identify {unknown}
 k - 2 scrolls of teleportation {unknown}
 l - a scroll of fog {unknown}
 m - a scroll of enchant armour {unknown}
 q - a scroll of enchant weapon {unknown}
Potions
 e - 2 potions of degeneration
 n - a potion of curing {unknown}


   Skills:
 + Level 2.8 Fighting
 + Level 3.6 Axes
 + Level 2.1 Dodging
 + Level 2.5 Spellcasting
 + Level 3.7 Conjurations
 + Level 0.9 Ice Magic


You had 5 spell levels left.
You knew the following spells:

 Your Spells              Type           Power      Damage    Failure   Level
a - Kiss of Death         Conj/Necr      28%        2d7       13%         1
b - Hailstorm             Conj/Ice       8%         3d4       32%         3

Your spell library contained the following spells:

 Spells                   Type           Power      Damage    Failure   Level
 Momentum Strike          Conj/Tloc      14%        3d8       21%         2


Dungeon Overview and Level Annotations

Branches:
Dungeon (4/15)            Ossuary (1/1)
 Temple: D:4-7

Altars:
Gozag
Makhleb
Xom

Shops:
D:3 [


Innate Abilities, Weirdness & Mutations

Your serpentine skin is tough. (AC +1)
You have supernaturally acute eyesight. (SInv)
Armour fits poorly on your strangely shaped body.
Your system is resistant to poisons. (rPois)
You cover ground very slowly.
You can spit poison.
You have a snake-like lower body.
Your tail ends in a venomous barb.
You are robust. (+10% HP)
You occasionally shout uncontrollably at your foes.
You are occasionally teleported next to monsters.


Message History

You start resting.
The sentinel's mark upon you fades away.
You start resting.
HP restored.
A mummy comes into view.
The mummy pulls the alarm!
The alarm trap emits a blaring wail!
A sentinel's mark forms upon you.
You completely miss the mummy. The mummy hits you!
You hit the mummy but do no damage.
A goblin skeleton comes into view.
The mummy misses you.
You hit the mummy.
The mummy is lightly damaged.
You hit the mummy.
The mummy is moderately damaged.
The mummy hits you.
You barely miss the mummy.
The mummy is moderately damaged.
You hit the mummy.
The mummy is moderately damaged.
The mummy hits you.
You hit the mummy but do no damage.
The mummy is moderately damaged.
The mummy hits you!!
You barely miss the mummy.
The mummy is moderately damaged.
You barely miss the mummy.
The mummy is moderately damaged.
A rat zombie comes into view.
The mummy hits you.
* * * LOW HITPOINT WARNING * * *
It was a potion of degeneration.
There was something very wrong with that liquid.
You feel weakened.
You feel dopey.
You feel clumsy.
It was a potion of mutation.
You feel extremely strange.
A venomous barb forms on the end of your tail.
You feel the urge to shout.
You feel weirdly uncertain.
You feel robust. The mummy hits you!
You die...

.## #..##..##..## ##
#..##..##..## # #..##..##..##
#..##..##..## #..##..##..##
#M.##..##..## ##..##..##..##
####################..##..##..##
................@MZZ...##.^##..##
##########################.^##..#
.............................##∩∩
#################################


You could see a mummy, a rat zombie and a goblin skeleton.

Vanquished Creatures
  3 adders
  2 worms (D:3)
  A dart slug (D:1)
  An orc (D:3)
  3 endoplasms
  2 giant cockroaches
  2 gnoll zombies (Ossuary)
  5 hobgoblins
  6 quokkas
  7 ball pythons
  3 bats
  4 frilled lizards
  2 gnoll skeletons (Ossuary)
  4 goblins
  4 goblin skeletons (Ossuary)
  2 goblin zombies (Ossuary)
  4 hobgoblin skeletons (Ossuary)
  5 hobgoblin zombies (Ossuary)
  8 kobolds
  3 kobold skeletons (Ossuary)
  3 kobold zombies (Ossuary)
  4 orc skeletons (Ossuary)
  4 orc zombies (Ossuary)
  7 rats
  2 rat skeletons (Ossuary)
  3 rat zombies (Ossuary)
94 creatures vanquished.

Notes
Turn   | Place    | Note
-------+----------+-------------------------------------------
     0 | D:1      | Shayle the Naga Reaver began the quest for the Orb.
     0 | D:1      | Reached XP level 1. HP: 19/19 MP: 3/3
   228 | D:1      | Reached XP level 2. HP: 26/26 MP: 5/5
  1056 | D:2      | Reached XP level 3. HP: 31/32 MP: 6/6
  1597 | D:2      | Learned a level 3 spell: Hailstorm
  1738 | D:2      | Found a shimmering altar of Xom.
  2036 | D:3      | Reached XP level 4. HP: 33/40 MP: 7/7
  2259 | D:3      | Found an opulent altar of Gozag.
  2286 | D:3      | Found a burning altar of Makhleb.
  2596 | D:3      | Found Feggiku's Antique Armour Shop.
  2714 | D:4      | Found a sand-covered staircase.
  2719 | Ossuary  | Entered an ossuary
  3057 | Ossuary  | Reached XP level 5. HP: 43/46 MP: 8/8
  3163 | Ossuary  | Gained mutation: Your tail ends in a venomous barb. [potion
                  | of mutation]
  3163 | Ossuary  | Gained mutation: You occasionally shout uncontrollably at
                  | your foes. [potion of mutation]
  3163 | Ossuary  | Gained mutation: You are occasionally teleported next to
                  | monsters. [potion of mutation]
  3163 | Ossuary  | Gained mutation: You are robust. (+10% HP) [potion of
                  | mutation]
  3163 | Ossuary  | Slain by a mummy

Illustrated notes

Levels and vault maps discovered:
D:1:      minmay_arrival_open_corners, layout_basic, minmay_misc_feat_ornament
D:2:      layout_loops_ring, basic_altar, kennysheep_flooded_box,
          chequers_serial_rivers_micro_a, minmay_misc_feat_columns,
          minmay_quadrilaterals
D:3:      layout_basic, mainiacjoe_overflow_surrounded_room,
          lemuel_doored_altar, serial_shops, nicolae_shop_trees
D:4:      layout_cave_pools, mainiacjoe_overflow_six_doors_small, tgw_fedhas,
          enter_ossuary_2, uniq_grinder, uniq_ijyb
Ossuary:  ossuary_due_pyramid

Skill      XL: |  1  2  3 |
---------------+----------+-----
Dodging        | 2 |  2.1
Fighting       | |  2.8
Axes           | |  3.6
Spellcasting   | |  2.5
Conjurations   | |  3.7
Ice Magic      | |  0.9

Action                   |  1- 3 |  4- 6 || total
-------------------------+-------+-------++-------
Melee: Hand axe          |    32 |       ||    32
       Punch             |     1 |     3 ||     4
       Short sword       |    48 |   206 ||   254
 Abil: Spit Poison       |    39 |    11 ||    50
  Use: Potion            |       |     2 ||     2
Armor: Leather armour    |     9 |    54 ||    63
Dodge: Dodged            |    49 |    74 ||   123

Table legend: (Time is in decaauts)
 A = Elapsed time spent in this place.
 B = Non-inter-level travel time spent in this place.
 C = Inter-level travel time spent in this place.
 D = Time resting spent in this place.
 E = Time spent auto-exploring this place.
 F = Levels seen in this place.
 G = Mean time per level.
                   A        B        C        D        E       F      G
               +--------+--------+--------+--------+--------+-----+--------+
         Total |   4087 |   3996 |     91 |     79 |   2881 |   5 |  817.4 |
       Dungeon |   3569 |   3478 |     91 |     47 |   2849 |   4 |  892.2 |
       Ossuary |    517 |    517 |      0 |     32 |     31 |   1 |  517.0 |
               +--------+--------+--------+--------+--------+-----+--------+

Top non-repeatable levels by time:
     D:1: 1304 daAuts
     D:2: 1254 daAuts
     D:3: 960 daAuts
 Ossuary: 517 daAuts
     D:4: 51 daAuts
